 Dungeon Crawl Stone Soup version 0.22.0-60-ga52c2fc (webtiles) character file.

2625 bogdani the Shield-Bearer (level 9, -1/81 HPs)
             Began as a Hill Orc Fighter on Sept 9, 2018.
             Was a Follower of Cheibriados.
             Slain by a yak (3 damage)
             ... on level 7 of the Dungeon.
             The game lasted 00:27:35 (7321 turns).

bogdani the Shield-Bearer (Hill Orc Fighter)        Turns: 7321, Time: 00:27:35

Health: -1/81      AC: 10    Str: 25    XL:     9   Next: 60%
Magic:  1/11       EV:  9    Int: 11    God:    Cheibriados [*.....]
Gold:   339        SH: 13    Dex: 16    Spells: 8/8 levels left

rFire    . . .     SeeInvis .   A - +4 mace
rCold    . . .     Gourm    .   c - +1 shield
rNeg     . . .     Faith    +   k - +3 leather armour "Mounuadi" {Dex+3}
rPois    .         Spirit   .   h - +2 hat
rElec    .         Reflect  .   q - +0 cloak
rCorr    .         Harm     .   (no gloves)
MR       +....                  (no boots)
Stlth    +.........             v - amulet of faith
HPRegen  0.23/turn              (no ring)
MPRegen  0.12/turn              (no ring)

@: very slow
A: magic resistance 1, mutation resistance 1
a: Bend Time, Renounce Religion


You were on level 7 of the Dungeon.
You worshipped Cheibriados.
Cheibriados was aware of your devotion.
You were not hungry.

You visited 2 branches of the dungeon, and saw 8 of its levels.

You collected 339 gold pieces.

Inventory:

Hand Weapons
 a - a +0 war axe
 r - a +2 dagger of draining
 z - a +0 morningstar
 A - a +4 mace (weapon)
 B - a +4 scimitar
 E - a +2 whip of electrocution
Missiles
 p - 5 tomahawks (quivered)
Armour
 c - a +1 shield (worn)
 d - a +0 chain mail
 h - a +2 hat (worn)
 k - the +3 leather armour "Mounuadi" (worn) {Dex+3}
   (You found it on level 5 of the Dungeon)

   It affects your dexterity (+3).
 q - a +0 cloak (worn)
Jewellery
 v - an amulet of faith (around neck)
Wands
 e - a wand of iceblast (7)
 x - a wand of digging (9)
 C - a wand of enslavement (5)
Scrolls
 j - 3 scrolls of magic mapping
 l - 4 scrolls of remove curse
 m - a scroll of fear {unknown}
 o - 2 scrolls of immolation
 s - 4 scrolls of teleportation {unknown}
 w - 2 scrolls of identify
 y - a scroll of enchant weapon {unknown}
Potions
 b - a potion of heal wounds
 g - 2 potions of lignification
 i - a potion of haste
 n - a potion of brilliance
 t - a potion of agility
 u - 3 potions of resistance
 D - a potion of mutation
Comestibles
 f - 8 rations


   Skills:
 * Level 7.8 Fighting
 - Level 1.9 Short Blades
 + Level 6.8(7.7) Axes
 + Level 4.6(5.9) Maces & Flails
 * Level 7.1 Armour
 * Level 7.8 Shields
 * Level 3.0 Invocations


You had 8 spell levels left.
You didn't know any spells.
Your spell library contained the following spells:

 Spells                   Type           Power        Failure   Level  Hunger
 Sandblast                Erth           #.....       69%         1    ##.....
 Passwall                 Tmut/Erth      #.......     83%         2    ###....
 Stone Arrow              Conj/Erth      #.....       96%         3    ####...
 Petrify                  Tmut/Erth      #.......     100%        4    #####..
 Lee's Rapid Deconstruct  Erth           #.........   100%        5    ######.


Dungeon Overview and Level Annotations

Branches:
Dungeon (7/15)             Temple (1/1) D:4

Altars:
Ashenzari
Cheibriados
Elyvilon
Hepliaklqana
Kikubaaqudgha
Makhleb
Nemelex Xobeh
Qazlal
Trog
Wu Jian
Xom
Zin


Innate Abilities, Weirdness & Mutations

You are resistant to hostile enchantments. (MR+)
You are somewhat resistant to further mutation.


Message History

The yak gores you but does no damage.
You hit the yak.
The yak is lightly wounded.
You block the yak's attack.
You hit the yak.
The yak is moderately wounded.
You block the yak's attack.
You sock the yak!
The yak is severely wounded.
You hit the yak.
The yak is severely wounded.
You block the yak's attack.
You hit the yak but do no damage.
The yak is severely wounded.
The yak gores you.
* * * LOW HITPOINT WARNING * * *
You hit the yak but do no damage.
The yak is severely wounded.
The yak gores you.
You die...

#########.........#
[......#..###)....#####...
..........................
.....h....#####)#######...
..........# #.#
.......###### #[#
.......#..#%% #.##
....a..#..#.% #..#
##...>.#..'.. ##@#
##.....#..#.. #Y## .......
#..###..#### ..##..
##'#.......# #..>...
#..Y.......# #......
##...........# # ...#.
##..[....#... # ...<
#.......#... ...#.#.
#.[.........


You could see a yak.

Vanquished Creatures
  Pikel (D:7)
  Sigmund (D:2)
  A human (D:7)
  2 hogs (D:7)
  A yak (D:7)
  A water moccasin (D:6)
  2 slaves (D:7)
  A phantom (D:5)
  2 ogres
  A bullfrog (D:6)
  A wyvern skeleton (D:7)
  A scorpion (D:6)
  8 wights (D:6)
  2 hounds
  A jelly (D:5)
  2 bullfrog skeletons
  A centaur skeleton (D:4)
  Jessica (D:2)
  2 iguanas (D:7)
  Ijyb (D:3)
  An orc wizard (D:4)
  5 worker ants
  11 adders
  An ooze (D:5)
  An adder skeleton (D:5)
  6 worms
  A dart slug (D:4)
  3 leopard geckos
  5 orcs
  3 giant cockroaches
  13 hobgoblins
  4 quokkas
  2 ball pythons (D:3)
  3 bats
  2 frilled lizards (D:2)
  3 goblins
  2 kobolds
  3 rats
102 creatures vanquished.

Vanquished Creatures (others)
  2 slaves (D:7)
2 creatures vanquished.

Grand Total: 104 creatures vanquished

Notes
Turn   | Place    | Note
-------+----------+-------------------------------------------
     0 | D:1      | bogdani the Hill Orc Fighter began the quest for the Orb.
     0 | D:1      | Reached XP level 1. HP: 19/19 MP: 1/1
   468 | D:1      | Reached XP level 2. HP: 23/27 MP: 2/2
  1069 | D:2      | Reached XP level 3. HP: 29/33 MP: 3/3
  1384 | D:2      | Noticed Jessica
  1405 | D:2      | Killed Jessica
  1405 | D:2      | Reached XP level 4. HP: 8/40 MP: 4/4
  1790 | D:2      | Noticed Sigmund
  1834 | D:2      | Killed Sigmund
  1834 | D:2      | Reached XP level 5. HP: 26/47 MP: 5/5
  1834 | D:2      | Reached XP level 6. HP: 31/55 MP: 6/6
  2509 | D:3      | Noticed Ijyb
  2529 | D:3      | Killed Ijyb
  2529 | D:3      | Reached skill level 5 in Armour
  2559 | D:3      | Found a shimmering altar of Xom.
  2559 | D:3      | Found a shimmering altar of Xom.
  2562 | D:3      | Found a shimmering altar of Xom.
  2563 | D:3      | Found a shimmering altar of Xom.
  2563 | D:3      | Found a shimmering altar of Xom.
  2564 | D:3      | Found a shimmering altar of Xom.
  2564 | D:3      | Found a shimmering altar of Xom.
  2590 | D:3      | Reached skill level 5 in Fighting
  3423 | D:4      | Reached skill level 5 in Axes
  3452 | D:4      | Found a staircase to the Ecumenical Temple.
  3558 | D:4      | Reached XP level 7. HP: 55/61 MP: 7/7
  3741 | D:4      | Reached skill level 5 in Shields
  3980 | D:4      | Found an ornate altar of the Wu Jian Council.
  3992 | D:4      | Found a glowing silver altar of Zin.
  4008 | D:4      | Found a sparkling altar of Nemelex Xobeh.
  4022 | D:4      | Found a stormy altar of Qazlal.
  4292 | Temple   | Entered the Ecumenical Temple
  4298 | Temple   | Became a worshipper of Cheibriados the Contemplative
  4330 | D:5      | Entered Level 5 of the Dungeon
  4518 | D:5      | Reached skill level 1 in Short Blades
  4755 | D:5      | Got a translucent leather armour
  4766 | D:5      | Identified the +3 leather armour "Mounuadi" {Dex+3} (You
                  | found it on level 5 of the Dungeon)
  4913 | D:5      | Found an ancient bone altar of Kikubaaqudgha.
  5219 | D:6      | Reached XP level 8. HP: 59/70 MP: 8/8
  5352 | D:6      | Found a white marble altar of Elyvilon.
  5405 | D:6      | Gained mutation: Your spells are a little easier to cast,
                  | but a little less powerful. [potion of mutation]
  5405 | D:6      | Gained mutation: You expend magic power (3 MP) to
                  | strengthen your wands. [potion of mutation]
  5405 | D:6      | Gained mutation: You are somewhat resistant to further
                  | mutation. [potion of mutation]
  5864 | D:6      | Reached * piety under Cheibriados
  5916 | D:6      | Reached skill level 1 in Maces & Flails
  6098 | D:6      | Lost mutation: Your spells are a little easier to cast, but
                  | a little less powerful. [potion of mutation]
  6098 | D:6      | Lost mutation: You expend magic power (3 MP) to strengthen
                  | your wands. [potion of mutation]
  6098 | D:6      | Gained mutation: You are resistant to hostile enchantments.
                  | (MR+) [potion of mutation]
  6614 | D:7      | Found a shattered altar of Ashenzari.
  6947 | D:7      | Noticed Pikel
  6975 | D:7      | Killed Pikel
  6975 | D:7      | Reached XP level 9. HP: 39/79 MP: 8/10
  7320 | D:7      | HP: 2/81 [yak (6)]
  7321 | D:7      | Slain by a yak

Skill      XL: |  1  2  3  4  5  6  7  8  9 |
---------------+----------------------------+-----
Axes           | 3 4 5 6 |  6.8
Fighting       | 4 5 7 |  7.8
Armour         | 4 5 6 7 |  7.1
Shields        | 4 5 7 |  7.8
Short Blades   | 1 |  1.9
Maces & Flails | 3 4 |  4.6
Invocations    | 2 3 |  3.0

Action                   |  1- 3 |  4- 6 |  7- 9 || total
-------------------------+-------+-------+-------++-------
Melee: War axe           |    77 |    81 |    82 ||   240
       Dagger            |       |    52 |   156 ||   208
       Mace              |       |       |   109 ||   109
       Morningstar       |       |       |    28 ||    28
Throw: Tomahawk          |       |       |     5 ||     5
Invok: Bend Time         |       |       |     4 ||     4
  Use: Potion            |     1 |     2 |     5 ||     8
       Scroll            |       |     5 |     7 ||    12
  Eat: Chunk             |     1 |     4 |     1 ||     6
       Ration            |       |     1 |     3 ||     4
Armor: Scale mail        |    30 |     2 |       ||    32
       Skin              |       |     9 |       ||     9
       Chain mail        |       |    48 |    58 ||   106
       Leather armour    |       |       |    50 ||    50
Dodge: Dodged            |    21 |    21 |    93 ||   135
Block: Shield            |    34 |    69 |   170 ||   273
